 Dungeon Crawl Stone Soup version 0.20.1-1-g8b1a95d66d (webtiles) character file.

68042 meguca the Executioner (level 14, -7/127 HPs)
             Began as a Minotaur Berserker on Nov 26, 2017.
             Was a High Priest of Trog.
             Mangled by a death yak (17 damage)
             ... on level 6 of the Lair of Beasts.
             The game lasted 01:21:14 (22255 turns).

meguca the Executioner (Minotaur Berserker)        Turns: 22255, Time: 01:21:14

Health: -7/127     AC: 18    Str: 22    XL:     14   Next: 85%
Magic:  0/13       EV: 13    Int:  4    God:    Trog [*****.]
Gold:   1928       SH:  0    Dex: 15    Spells: 13/13 levels left

rFire    . . .     SeeInvis .   v - +4 battleaxe (freeze)
rCold    . . .     Gourm    .   (shield currently unavailable)
rNeg     . . .     Faith    .   Q - +0 plate armour
rPois    +         Spirit   +   (helmet restricted)
rElec    .         Reflect  .   (no cloak)
rCorr    .         Harm     .   I - +2 pair of gloves
MR       ++...                  (no boots)
Stlth    ..........             o - amulet of guardian spirit
Regen    0.4/turn               g - ring of poison resistance
MPRegen  0.2/turn               b - ring of protection from magic

@: no status effects
A: retaliatory headbutt, horns 2
a: Berserk, Trog's Hand, Brothers in Arms, Burn Spellbooks, Renounce Religion


You were on level 6 of the Lair of Beasts.
You worshipped Trog.
Trog was extremely pleased with you.
You were not hungry.

You visited 4 branches of the dungeon, and saw 23 of its levels.

You collected 1928 gold pieces.

Inventory:

Hand Weapons
 j - a +1 battleaxe of flaming
 q - a +7 battleaxe
 v - a +4 battleaxe of freezing (weapon)
 O - a +0 war axe of electrocution
 S - a +5 executioner's axe of chopping
Missiles
 Z - 2 tomahawks of returning (quivered)
Armour
 I - a +2 pair of gloves (worn)
 Q - a +0 plate armour (worn)
Jewellery
 b - a ring of protection from magic (right hand)
 g - a ring of poison resistance (left hand)
 o - an amulet of guardian spirit (around neck)
 N - an uncursed ring of fire
 T - an uncursed ring of ice
Wands
 a - a wand of iceblast (8/15)
 d - a wand of polymorph (9/24)
 m - a wand of acid (6/15)
 p - a wand of disintegration (15/24)
 y - a wand of paralysis (1/24)
 z - a wand of confusion (16/48)
 G - a wand of lightning (3/15)
 H - a wand of random effects (29/48)
 L - a wand of polymorph (10/24)
 M - a wand of confusion (23/48)
 P - a wand of random effects (26/48)
 V - a wand of acid (5/15)
 X - a wand of iceblast (4/15)
Scrolls
 e - 3 scrolls of summoning
 f - 4 scrolls of fog
 k - 8 scrolls of remove curse
 n - 3 scrolls of recharging
 r - a scroll of teleportation
 B - 2 scrolls of noise {unknown}
 C - 4 scrolls of enchant armour
 D - 3 scrolls of enchant weapon
 R - 5 scrolls of identify
 U - a scroll of blinking {unknown}
 W - 2 scrolls of vulnerability
 Y - 3 scrolls of magic mapping
Potions
 h - 3 potions of haste
 l - 7 potions of curing
 t - 4 potions of might
 w - a potion of flight
 x - 6 potions of heal wounds
 J - 3 potions of lignification
 K - a potion of agility
Miscellaneous
 E - a lamp of fire
 F - a phantom mirror
Comestibles
 c - 8 bread rations
 i - 13 royal jellies
 s - a chunk of flesh
 u - 9 meat rations
 A - 8 fruits


   Skills:
 + Level 12.7 Fighting
 * Level 21.9 Axes
 + Level 11.8 Armour
 + Level 11.1 Dodging


You had 13 spell levels left.
You didn't know any spells.

Dungeon Overview and Level Annotations

Branches:
Dungeon (14/15)            Temple (0/1) D:5            Lair (6/6) D:10
  Swamp (0/4) Lair:2       Spider (0/4) Lair:4        Slime (0/5) Lair:5
    Orc (2/2) D:9             Elf (1/3) Orc:2        Vaults (0/5) D:14

Altars:
Dithmenos
Elyvilon
Gozag
Hepliaklqana
Kikubaaqudgha
Nemelex Xobeh
Okawaru
Sif Muna
Vehumet
Xom
Beogh
Jiyva

Shops:
D:5 *   D:8 %   D:11 %%   Orc:2 :?[:


Innate Abilities, Weirdness & Mutations

You reflexively headbutt those who attack you in melee.
You have a pair of horns on your head.


Message History

Your two-headed ogre rages.
You hear a bellow!
A death yak comes into view.
The death yak gores your two-headed ogre!!
Your two-headed ogre dies!
Your two-headed ogre's corpse disappears in a puff of smoke!
The death yak gores you but does no damage.
The death yak gores you. The death yak barely misses you.
The death yak gores you!
* * * LOW HITPOINT WARNING * * *
The death yak misses you. You furiously retaliate!
You headbutt the death yak! The death yak gores you!
* * * LOW HITPOINT WARNING * * *
The death yak gores you!
* * * LOW HITPOINT WARNING * * *
The death yak gores you!
* * * LOW HITPOINT WARNING * * *
The death yak gores you!!
You die...

*,,**,,,**,,8,,8,,*##..#..
*,**,,,****,,,,,,**#...#P(
#,*,,,,,,*,,,,,8,*##..###.
##.,,,,,,,,,,8,,,###..##
## #P..,,,,,,,,,,,###...##
# *#....##*,,,,,###.....#
*,,♣....#######......##
***,,*#..†Y......÷..##
****##..P@.......##
##..P.####### ######


You could see a death yak.

Vanquished Creatures
  Rupert (Lair:6)
  The ghost of meguca the Fighter, a journeyman MiBe of Trog (D:12)
  Fannar (D:10)
  Harold (Lair:4)
  3 hydras
  2 catoblepae
  A vault guard (D:14)
  2 centaur warriors
  5 two-headed ogres
  Urug (Lair:4)
  6 death yaks
  Nergalle (Orc:1)
  Sonja (Lair:4)
  A deep elf knight (Orc:2)
  2 unseen horrors
  Pikel (D:5)
  4 orc sorcerers (Orc:2)
  2 deep elf magi
  6 ugly things
  An orb spider (Lair:4)
  3 black mambas
  A centaur zombie (D:11)
  4 elephants (Lair:6)
  Maurice (D:8)
  14 spiny frogs
  3 gargoyles
  7 komodo dragons
  2 efreet (D:13)
  3 trolls
  2 meliai
  A hornet (D:8)
  3 polar bears
  9 hippogriffs
  Prince Ribbit (D:4)
  7 blink frogs
  2 shadows
  A wraith (D:11)
  A vampire (D:13)
  3 hogs (D:9)
  A human (D:9)
  4 wyverns
  50 yaks
  3 basilisks
  A hungry ghost (D:12)
  A steam dragon (Lair:4)
  A warg (Orc:2)
  Edmund (D:5)
  10 water moccasins
  5 porcupines
  13 orc warriors
  3 sky beasts
  The ghost of mimosa the Chopper, an amateur HOBe of Trog (D:3)
  An ice beast (D:7)
  A black bear (Lair:6)
  A swamp drake (D:9)
  3 slaves (D:5)
  3 necrophages
  18 ogres
  3 phantoms
  9 wolves
  19 crocodiles
  9 centaurs
  2 big kobolds
  12 bullfrogs
  A water moccasin zombie (D:6)
  3 scorpions
  5 jellies
  8 killer bees
  11 wights
  11 howler monkeys
  3 electric eels
  8 crimson imps
  3 bullfrog zombies
  A quasit (D:13)
  5 hounds
  3 bullfrog skeletons
  A gnoll shaman (D:4)
  7 orc priests
  Crazy Yiuf (D:6)
  3 centaur skeletons
  31 orc wizards
  Natasha (twice) (D:3)
  3 iguanas
  11 worker ants
  A hound skeleton (D:5)
  A howler monkey zombie (D:8)
  3 worker ant zombies
  14 gnolls
  A howler monkey skeleton (D:6)
  9 adders
  An ooze (D:1)
  An adder zombie (D:6)
  6 worms
  3 dart slugs
  6 leopard geckos
  82 orcs
  10 bats
  2 giant cockroaches
  8 goblins
  11 hobgoblins
  11 jackals
  12 kobolds
  8 quokkas
  4 ball pythons (D:1)
  7 frilled lizards
  2 giant cockroach zombies (D:6)
  A leopard gecko zombie (D:7)
  A quokka zombie (D:7)
  6 rats
  4 fungi
  9 plants
631 creatures vanquished.

Vanquished Creatures (collateral kills)
  Erolcha (Orc:2)
  The ghost of volde25 the Cleaver, a journeyman HOFi of Beogh (Orc:2)
  A hydra (D:13)
  A catoblepas (Lair:6)
  2 death yaks (Lair:6)
  An orc knight (Orc:2)
  4 orc sorcerers
  An ugly thing (D:13)
  A meliai (D:14)
  An eye of draining (shapeshifter) (D:13)
  An orc priest (D:13)
  5 orc wizards
  5 orcs
  A kobold (D:13)
26 creatures vanquished.

Vanquished Creatures (others)
  A slave (D:5)
  An orc wizard (D:5)
  8 fungi
  3 plants
13 creatures vanquished.

Grand Total: 670 creatures vanquished

Notes
Turn   | Place    | Note
-------+----------+-------------------------------------------
     0 | D:1      | meguca the Minotaur Berserker began the quest for the Orb.
     0 | D:1      | Reached XP level 1. HP: 19/19 MP: 0/0
    94 | D:1      | Reached skill level 4 in Axes
   119 | D:1      | Reached XP level 2. HP: 24/27 MP: 1/1
   712 | D:1      | Reached ** piety under Trog
   712 | D:1      | Reached XP level 3. HP: 33/33 MP: 2/2
   756 | D:2      | Reached skill level 5 in Axes
  1218 | D:2      | Reached XP level 4. HP: 40/40 MP: 3/3
  1291 | D:3      | Reached skill level 6 in Axes
  1576 | D:3      | Reached XP level 5. HP: 46/47 MP: 4/4
  1618 | D:3      | Noticed mimosa's ghost (amateur HOBe)
  1627 | D:3      | Killed mimosa's ghost
  1627 | D:3      | Reached skill level 5 in Fighting
  1627 | D:3      | Reached skill level 7 in Axes
  1667 | D:3      | Noticed Natasha
  1670 | D:3      | Killed Natasha
  1718 | D:3      | Found a shadowy altar of Dithmenos.
  1719 | D:3      | Found an opulent altar of Gozag.
  1785 | D:3      | Reached XP level 6. HP: 48/56 MP: 5/5
  1827 | D:3      | Noticed Natasha
  1835 | D:3      | Killed Natasha
  2308 | D:4      | Reached skill level 8 in Axes
  2418 | D:4      | Reached skill level 9 in Axes
  2418 | D:4      | Reached XP level 7. HP: 26/61 MP: 6/6
  2660 | D:4      | Reached *** piety under Trog
  3151 | D:5      | Entered Level 5 of the Dungeon
  3151 | D:5      | Noticed Prince Ribbit
  3167 | D:4      | Killed Prince Ribbit
  3167 | D:4      | Reached skill level 10 in Axes
  3370 | D:5      | Found a staircase to the Ecumenical Temple.
  3394 | D:5      | Noticed Pikel
  3449 | D:5      | Killed Pikel
  3449 | D:5      | Reached skill level 12 in Axes
  3449 | D:5      | Reached XP level 8. HP: 22/68 MP: 7/7
  3752 | D:5      | Found Haupraups's General Store.
  3756 | D:5      | Found a white marble altar of Elyvilon.
  3865 | D:5      | Paralysed by a crimson imp for 2 turns
  3912 | D:5      | HP: 5/102 [orc warrior/battleaxe (15)]
  3952 | D:5      | Noticed Edmund
  4176 | D:5      | Killed Edmund
  4645 | D:6      | Found a sparkling altar of Nemelex Xobeh.
  4753 | D:6      | Reached XP level 9. HP: 67/74 MP: 8/8
  4836 | D:6      | Reached **** piety under Trog
  4836 | D:6      | Reached skill level 13 in Axes
  4974 | D:6      | Found a runed door.
  5135 | D:6      | Found an iron altar of Okawaru.
  5306 | D:6      | Noticed Crazy Yiuf
  5311 | D:6      | Killed Crazy Yiuf
  5787 | D:7      | Reached skill level 5 in Armour
  6114 | D:8      | Noticed Maurice
  6116 | D:8      | Reached ***** piety under Trog
  6134 | D:7      | Reached skill level 14 in Axes
  6134 | D:7      | Reached skill level 5 in Dodging
  6303 | D:8      | Killed Maurice
  6303 | D:8      | Reached XP level 10. HP: 83/86 MP: 9/9
  6330 | D:8      | Found a shimmering altar of Xom.
  6517 | D:8      | Noticed Psyche
  6518 | D:8      | Noticed Psyche
  6518 | D:8      | Psyche changed into Psyche the hornet
  6528 | D:8      | Killed Psyche the hornet
  6932 | D:8      | Found Yvithoh's Food Emporium.
  7362 | D:9      | Found a deep blue altar of Sif Muna.
  7604 | D:9      | Reached skill level 15 in Axes
  7790 | D:9      | Found a hazy altar of Hepliaklqana.
  7821 | D:9      | Found a staircase to the Orcish Mines.
  8131 | Orc:1    | Entered Level 1 of the Orcish Mines
  8131 | Orc:1    | Found a roughly hewn altar of Beogh.
  8207 | Orc:1    | Reached XP level 11. HP: 77/95 MP: 5/10
  8299 | Orc:2    | Entered Level 2 of the Orcish Mines
  8307 | Orc:2    | Noticed volde25's ghost (journeyman HOFi)
  8754 | Orc:2    | Killed volde25's ghost
  8904 | Orc:2    | Noticed an orc knight
  8944 | Orc:2    | Found a staircase to the Elven Halls.
  8985 | Orc:2    | Killed an orc knight
  8989 | Orc:2    | Received a gift from Trog
  9214 | Orc:2    | Noticed an orc sorcerer
  9240 | Orc:2    | Noticed an orc sorcerer
  9248 | Orc:2    | Killed an orc sorcerer
  9252 | Orc:2    | Noticed an orc sorcerer
  9253 | Orc:2    | Killed an orc sorcerer
  9257 | Orc:2    | Found Rel Zec's Antique Armour Shop.
  9258 | Orc:2    | Killed an orc sorcerer
  9264 | Orc:2    | Noticed an orc sorcerer
  9267 | Orc:2    | Killed an orc sorcerer
  9309 | Orc:2    | Found an ancient bone altar of Kikubaaqudgha.
  9310 | Orc:2    | Noticed Nergalle
  9310 | Orc:2    | Noticed an orc sorcerer
  9360 | Elf:1    | Entered Level 1 of the Elven Halls
  9360 | Elf:1    | Noticed a deep elf mage
  9360 | Elf:1    | Noticed a deep elf mage
  9360 | Elf:1    | Noticed a deep elf knight
  9652 | Orc:1    | Killed an orc sorcerer
  9656 | Orc:1    | Killed Nergalle
  9656 | Orc:1    | Reached skill level 16 in Axes
  9814 | Orc:2    | Found Cacom's Book Boutique.
  9851 | Orc:2    | Found a radiant altar of Vehumet.
  9851 | Orc:2    | Noticed an orc sorcerer
  9851 | Orc:2    | Noticed an orc sorcerer
  9852 | Orc:2    | Noticed Erolcha
  9881 | Orc:2    | Noticed a sixfirhy
  9886 | Orc:2    | Killed an orc sorcerer
  9890 | Orc:2    | Killed an orc sorcerer
 10216 | Orc:2    | Killed Erolcha
 10297 | Orc:2    | Noticed an orc sorcerer
 10352 | Orc:2    | Noticed a soul eater
 10352 | Orc:2    | Found a roughly hewn altar of Beogh.
 10352 | Orc:2    | Found Panwet's Magic Scroll Shop.
 10354 | Orc:2    | Noticed a sun demon
 10541 | Orc:2    | Killed an orc sorcerer
 10542 | Orc:2    | Found Ymokkack's Book Boutique.
 10629 | Orc:2    | Reached skill level 10 in Fighting
 10721 | Orc:2    | Noticed a deep elf mage
 10732 | Orc:2    | Killed a deep elf mage
 10739 | Elf:1    | Noticed a deep elf mage
 10869 | Orc:2    | Killed a deep elf knight
 10999 | D:10     | Entered Level 10 of the Dungeon
 11081 | D:10     | Found a staircase to the Lair.
 11236 | D:10     | Noticed Fannar
 11257 | D:10     | Killed Fannar
 11257 | D:10     | Reached XP level 12. HP: 106/106 MP: 9/11
 11755 | D:11     | Received a gift from Trog
 11759 | D:11     | Reached skill level 17 in Axes
 12058 | D:11     | Found Cuhoz's Food Shoppe.
 12171 | D:11     | Reached skill level 10 in Armour
 12333 | D:11     | Found Bunius's Food Shoppe.
 12374 | D:11     | Noticed a two-headed ogre
 12382 | D:11     | Killed a two-headed ogre
 12744 | D:12     | Reached skill level 18 in Axes
 12885 | D:12     | Noticed meguca's ghost (journeyman MiBe)
 13031 | D:12     | Killed meguca's ghost
 13312 | D:12     | Received a gift from Trog
 13327 | D:12     | Found an opulent altar of Gozag.
 13622 | D:12     | Noticed a two-headed ogre
 13629 | D:12     | Killed a two-headed ogre
 14123 | D:13     | Reached skill level 19 in Axes
 14123 | D:13     | Reached XP level 13. HP: 114/115 MP: 12/12
 14963 | D:13     | Reached skill level 20 in Axes
 15778 | D:14     | Found a gate to the Vaults.
 16330 | Lair:1   | Entered Level 1 of the Lair of Beasts
 16477 | Lair:1   | Received a gift from Trog
 17121 | Lair:2   | Found a staircase to the Swamp.
 19092 | Lair:4   | Found a labyrinth entrance.
 19132 | Lair:4   | Reached XP level 14. HP: 104/124 MP: 10/13
 19353 | Lair:4   | Noticed Sonja
 19366 | Lair:4   | Killed Sonja
 19366 | Lair:4   | Reached skill level 21 in Axes
 19366 | Lair:4   | Reached skill level 10 in Dodging
 19609 | Lair:4   | Noticed Urug
 19626 | Lair:4   | Killed Urug
 19640 | Lair:4   | Found a hole to the Spider Nest.
 19660 | Lair:4   | Received a gift from Trog
 19768 | Lair:4   | Noticed Harold
 19777 | Lair:4   | Killed Harold
 20817 | Lair:5   | Found a staircase to the Slime Pits.
 20817 | Lair:5   | Found a viscous altar of Jiyva.
 21305 | Lair:6   | Entered Level 6 of the Lair of Beasts
 21306 | Lair:6   | Noticed Rupert
 21320 | Lair:6   | Killed Rupert
 22255 | Lair:6   | Mangled by a death yak

Skill      XL: |  1  2  3  4  5  6  7  8  9 10 11 12 13 14 |
---------------+-------------------------------------------+-----
Axes           | 4 5 6 7 9 12 14 15 16 19 20 21 | 21.9
Fighting       | 4 5 7 8 10 11 12 | 12.7
Armour         | 3 5 7 9 10 11 | 11.8
Dodging        | 5 6 8 9 11 | 11.1

Action                   |  1- 3 |  4- 6 |  7- 9 | 10-12 | 13-15 || total
-------------------------+-------+-------+-------+-------+-------++-------
Melee: Hand axe          |    76 |    98 |   288 |   469 |       ||   931
       Headbutt          |    12 |    21 |    75 |   137 |   114 ||   359
       Battleaxe         |       |       |    67 |       |   309 ||   376
       Unarmed           |       |       |     2 |       |       ||     2
       Executioner's axe |       |       |       |   163 |   166 ||   329
Invok: Berserk           |       |     2 |     6 |    16 |     2 ||    26
       Trog's Hand       |       |       |     1 |     7 |     1 ||     9
       Burn Spellbooks   |       |       |       |     3 |     2 ||     5
       Brothers in Arms  |       |       |       |     9 |     4 ||    13
Evoke: Wand              |       |       |       |     5 |       ||     5
  Use: Scroll            |       |     8 |     2 |     1 |    22 ||    33
       Potion            |       |       |     2 |     3 |     2 ||     7
 Stab: Distracted        |       |       |       |     1 |     1 ||     2
  Eat: Chunk             |     1 |     5 |    14 |    27 |    17 ||    64
       Meat ration       |       |       |     1 |     2 |       ||     3
       Fruit             |       |       |       |     2 |     4 ||     6
       Bread ration      |       |       |       |     1 |     2 ||     3
       Royal jelly       |       |       |       |     1 |       ||     1
Armor: Scale mail        |    54 |    37 |       |       |       ||    91
       Chain mail        |       |    11 |    73 |       |       ||    84
       Plate armour      |       |       |    44 |   360 |   265 ||   669
Dodge: Dodged            |    54 |    68 |   130 |   279 |   279 ||   810
